 Dungeon Crawl Stone Soup version 0.29-a0-550-g81e455f4c2 (webtiles) character file.

Game seed: 16683834649497315493

32 Lekart the Skirmisher (level 3, -12/33 HPs)
             Began as a Draconian Abyssal Knight on June 5, 2022.
             Was an Initiate of Gozag.
             Mangled by a large abomination (26 damage)
             ... on level 2 of the Abyss.
             The game lasted 00:02:48 (1503 turns).

Lekart the Skirmisher (Draconian Abyssal Knight)    Turns: 1503, Time: 00:02:49

Health: -12/33     AC:  5    Str: 14 (15) XL:     3   Next: 8%
Magic:  4/4        EV: 12    Int:  7 (10) God:    Gozag
Gold:   111        SH:  0    Dex: 10 (13) Spells: 2/2 levels left

rFire   . . .      SeeInvis .   a - +1 hand axe
rCold   . . .      Faith    .   (no shield)
rNeg    . . .      Spirit   .   (body armour unavailable)
rPois   .          Reflect  .   (helmet restricted)
rElec   .          Harm     .   (no cloak)
rCorr   .          Rampage  .   (no gloves)
Will    .....                   (no boots)
Stlth   +.........              (no amulet)
HPRegen 0.11/turn               (no ring)
MPRegen 0.09/turn               (no ring)

@: contaminated, glowing
A: AC +5, unfitting armour, cold-blooded
a: Renounce Religion, Potion Petition, Call Merchant, Bribe Branch


You were on level 2 of the Abyss.
You worshipped Gozag.
Gozag was aware of your devotion.
You visited 1 branch of the dungeon, and saw 2 of its levels.
You visited the Abyss 2 times.

You collected 111 gold pieces.

Inventory:

Hand Weapons
 a - a +1 hand axe (weapon)
Scrolls
 c - a scroll of blinking {unknown}
 e - 2 scrolls of noise {unknown}
 f - 2 scrolls of identify {unknown}
 g - a scroll of torment {unknown}
 h - a scroll of poison {unknown}
 i - a scroll of silence {unknown}
Potions
 b - a potion of degeneration


   Skills:
 + Level 3.9 Fighting
 + Level 2.3 Axes
 + Level 2.4 Dodging
 * Level 2.3 Invocations


You had 2 spell levels left.
You didn't know any spells.
Your spell library contained the following spells:

 Spells                   Type           Power      Damage    Failure   Level
 Ensorcelled Hibernation  Hex/Ice        0%         N/A       56%         2
 Passwall                 Tmut/Erth      0%         N/A       56%         2
 Swiftness                Air            0%         N/A       80%         3


Dungeon Overview and Level Annotations

Branches:
Dungeon (2/15)

Altars:
Gozag


Innate Abilities, Weirdness & Mutations

Your plain brown scales are hard. (AC +5)
You cannot fit into any form of body armour.
You are cold-blooded and may be slowed by cold attacks.


Message History

You are confused.
The large abomination hits you but does no damage.
You closely miss the large abomination.
Your tail-slap misses the large abomination.
The glowing orange brain pulsates.
Something tries to feed on your intellect!
The large abomination hits you!
Unknown command.
You bump into the stone wall.
You feel less confused.
The glowing orange brain blinks!
It was a potion of degeneration.
There was something very wrong with that liquid.
You feel weakened.
You feel dopey.
You feel clumsy.
It was a potion of curing.
You feel better.
The large abomination barely misses you.
Found a buzzing falchion, a gilded ring and a crude plate armour.
The glowing orange brain pulsates.
You are confused.
A tentacled starspawn comes into view.
You are engulfed in mutagenic fog.
The mutagenic energy flows into you.
You are very lightly contaminated with residual magic.
The large abomination hits you!
You are engulfed in mutagenic fog.
The mutagenic energy flows into you.
You are lightly contaminated with residual magic.
You are engulfed in mutagenic fog.
The mutagenic energy flows into you.
You are contaminated with residual magic.
The large abomination is engulfed in mutagenic fog.
You bump into the translucent stone wall.
You are engulfed in mutagenic fog.
The mutagenic energy flows into you.
The large abomination is engulfed in mutagenic fog.
The large abomination hits you.
You bump into the metal wall.
You are engulfed in mutagenic fog.
The mutagenic energy flows into you.
You feel less confused.
The large abomination is engulfed in mutagenic fog.
The large abomination hits you!!
Ouch! That really hurt!
You die...
Your body crumbles into a pile of gold.

#.# .#..#.#
##...## ##.##..#..
.. . . ..## #
#..... #...#
##...#
#.#....####..###.
#.. ##
#...........# . #
#. # #......##.#
..# #. ...
##..§G.##...#..#.
#.. . ##§§X##
#..##...#..
#§§§§@# #.##.#.#.
#...
#§#§#§......#....#
. .
#.[§)§##....#..#.#
.#.
##.#.###..###...#.
#. ##### #...##.
##.#. .## .. # # #


You could see a glowing orange brain and a large abomination.

Vanquished Creatures
  2 dart slugs (D:1)
  A ball python (D:2)
  2 bats (D:1)
  3 endoplasms (D:1)
  2 giant cockroaches (D:1)
  4 goblins (D:1)
  2 hobgoblins (D:2)
  A kobold (D:2)
  3 quokkas (D:1)
  2 frilled lizards (D:2)
  A rat (D:1)
23 creatures vanquished.

Notes
Turn   | Place    | Note
-------+----------+-------------------------------------------
     0 | Abyss:1  | Lekart the Draconian Abyssal Knight began the quest for the
                  | Orb.
     0 | Abyss:1  | Reached XP level 1. HP: 19/19 MP: 2/2
    12 | D:1      | Escaped the Abyss
   414 | D:1      | Reached XP level 2. HP: 18/26 MP: 3/3
   990 | D:1      | Found a faded altar of an unknown god.
  1233 | D:1      | Prayed at the altar of an unknown god.
  1233 | D:1      | Fell from the grace of Lugonu
  1233 | D:1      | Became a worshipper of Gozag Ym Sagoz the Greedy
  1296 | D:2      | Reached XP level 3. HP: 29/33 MP: 4/4
  1441 | D:2      | Noticed a small abomination
  1441 | D:2      | Cast into level 2 of the Abyss (Lugonu's touch)
  1460 | Abyss:2  | Noticed a large abomination
  1470 | Abyss:2  | Noticed a glowing orange brain
  1497 | Abyss:2  | Noticed a tentacled starspawn
  1503 | Abyss:2  | Mangled by a large abomination

Illustrated notes

Levels and vault maps discovered:
D:1:      zelgadis_glass_arrival_small, layout_loops_ring,
          dreamdust_ecumenical_altar_statues,
          amcnicky_mini_rare_corridor_liquid, nrook_campfire,
          hangedman_feature_mirror, minmay_misc_feat_nine_boxes
D:2:      kennysheep_big_flooded_room, layout_basic, hangedman_decor_lopped,
          grunt_ministairs_8
Abyss:2:  base: Temple, kilobyte_mutagenic_chamber

Action                   || total
-------------------------++-------
Melee: Hand axe          ||    71
       Tailslap          ||     2
       Punch             ||     1
  Use: Potion            ||     2
 Stab: Sleeping          ||     2
Armor: Skin              ||    21
Dodge: Dodged            ||    42

Table legend: (Time is in decaauts)
 A = Elapsed time spent in this place.
 B = Non-inter-level travel time spent in this place.
 C = Inter-level travel time spent in this place.
 D = Time resting spent in this place.
 E = Time spent auto-exploring this place.
 F = Levels seen in this place.
 G = Mean time per level.
                   A        B        C        D        E       F      G
               +--------+--------+--------+--------+--------+-----+--------+
         Total |   1519 |   1436 |     83 |      0 |   1182 |   4 |  379.8 |
       Dungeon |   1445 |   1362 |     83 |      0 |   1179 |   2 |  722.5 |
         Abyss |     73 |     73 |      0 |      0 |      3 |   2 |   36.5 |
               +--------+--------+--------+--------+--------+-----+--------+

Top non-repeatable levels by time:
     D:1: 1255 daAuts
     D:2: 190 daAuts
 Abyss:2: 61 daAuts
 Abyss:1: 12 daAuts
